 Dungeon Crawl Stone Soup version 0.20.1-1-g8b1a95d (webtiles) character file.

130 Ladykiller69 the Charmwright (level 5, -3/39 HPs)
             Began as a Formicid Skald on Sept 24, 2017.
             Killed by divine providence
             ... invoked by an orc priest
              (10 damage)
             ... on level 3 of the Dungeon.
             The game lasted 00:06:37 (2662 turns).

Ladykiller69 the Charmwright (Formicid Skald)       Turns: 2662, Time: 00:06:38

Health: -3/39      AC:  3    Str: 16    XL:     5   Next: 36%
Magic:  2/9        EV: 12    Int: 13    God:
Gold:   95         SH:  0    Dex: 10    Spells: 4/10 levels left

rFire    . . .     SeeInvis +   a - +0 spear
rCold    . . .     Gourm    .   (no shield)
rNeg     . . .     Faith    .   b - +0 leather armour
rPois    .         Spirit   .   (helmet unavailable)
rElec    .         Reflect  .   (no cloak)
rCorr    .         Harm     .   (no gloves)
MR       .....                  (no boots)
Stlth    +.........             (no amulet)
Regen    0.2/turn               (no ring)
MPRegen  0.2/turn               (no ring)

@: infused (expiring)
A: permanent stasis, dig shafts and tunnels, four strong arms, antennae 3
a: Dig, Shaft Self


You were on level 3 of the Dungeon.
You were not hungry.

You visited 1 branch of the dungeon, and saw 3 of its levels.

You collected 95 gold pieces.

Inventory:

Hand Weapons
 a - a +0 spear (weapon)
Armour
 b - a +0 leather armour (worn)
 g - a +0 pair of gloves
Jewellery
 e - an uncursed ring of magical power {unknown}
Scrolls
 h - 4 scrolls of amnesia {unknown}
 k - a scroll of identify {unknown}
 o - a scroll of enchant weapon {unknown}
Potions
 f - 2 potions of curing {unknown}
 i - a potion of might {unknown}
 j - a potion of haste {unknown}
 n - 2 potions of lignification {unknown}
Books
 c - a book of Battle

   Spells                             Type                      Level
   a - Infusion                       Charms                       1
   b - Shroud of Golubria             Charms/Translocation         2
   c - Song of Slaying                Charms                       2
   d - Spectral Weapon                Hexes/Charms                 3
   e - Regeneration                   Charms/Necromancy            3
Comestibles
 d - 2 bread rations
 m - 4 fruits


   Skills:
 - Level 2.3 Fighting
 - Level 2.1 Polearms
 - Level 1.2 Armour
 - Level 2.0 Dodging
 - Level 3.0 Spellcasting
 * Level 3.1 Hexes
 + Level 3.9 Charms


You had 4 spell levels left.
You knew the following spells:

 Your Spells              Type           Power        Failure   Level  Hunger
a - Infusion              Chrm           ##..         5%          1    #......
b - Spectral Weapon       Hex/Chrm       ##......     19%         3    ###....
c - Shroud of Golubria    Chrm/Tloc      #.........   19%         2    ##.....


Dungeon Overview and Level Annotations

Branches:
Dungeon (3/15)

Altars:
Qazlal


Innate Abilities, Weirdness & Mutations

You cannot be hasted, slowed, berserked, paralysed or teleported.
You can dig through walls and to a lower floor.
Your four strong arms can wield two-handed weapons with a shield.
You have a pair of large antennae on your head. (SInv)


Message History

The orc priest is severely wounded.
The orc priest mumbles some strange prayers to Beogh against you.
Beogh smites you!
* * * LOW HITPOINT WARNING * * *
You hit the orc priest.
The orc priest is severely wounded.
The orc priest closely misses you.
You hit the orc priest.
The orc priest is almost dead.
Your magical infusion is running out.
The orc priest casts a cantrip, but nothing happens.
You barely miss the orc priest.
The orc priest is almost dead.
The orc priest hits you.
* * * LOW HITPOINT WARNING * * *
You hit the orc priest but do no damage.
The orc priest is almost dead.
The orc priest invokes the aid of Beogh against you.
Beogh smites you!
You die...

##.##..>...# #..S{..#
#..#......#### ...o..#
##.#.........# .....#
#...........# .o..
##..........# ...
#..........# ## #.###
#..........### .... #.#o##
#..........#.# .....##.{#@#
#...#######)##
........#######..##########
........'..................
####....#######..##########
#....# #.>........## #....#
##########.## #....# #.##
#..).# #.## ###### #.##


You could see an orc priest.

Vanquished Creatures
  An orc wizard (D:3)
  4 adders (D:2)
  An ooze (D:2)
  2 worms
  A dart slug (D:2)
  A leopard gecko (D:2)
  An orc (D:3)
  2 ball pythons
  2 giant cockroaches (D:2)
  7 goblins
  12 hobgoblins
  4 jackals (D:1)
  7 kobolds
  A quokka (D:2)
  3 bats
  2 frilled lizards
  4 rats
55 creatures vanquished.

Notes
Turn   | Place    | Note
-------+----------+-------------------------------------------
     0 | D:1      | Ladykiller69 the Formicid Skald began the quest for the Orb.
     0 | D:1      | Reached XP level 1. HP: 16/16 MP: 3/3
   107 | D:1      | Reached XP level 2. HP: 16/22 MP: 5/5
   705 | D:1      | Reached XP level 3. HP: 28/28 MP: 2/6
  1252 | D:2      | Learned a level 3 spell: Spectral Weapon
  1255 | D:2      | Learned a level 2 spell: Shroud of Golubria
  1391 | D:2      | Reached skill level 1 in Hexes
  1513 | D:2      | Reached XP level 4. HP: 34/34 MP: 2/8
  2182 | D:2      | Reached XP level 5. HP: 39/39 MP: 6/9
  2354 | D:3      | Found a stormy altar of Qazlal.
  2662 | D:3      | Killed from afar by an orc priest

Skill      XL: |  1  2  3  4  5 |
---------------+----------------+-----
Dodging        | 2 |  2.0
Hexes          | 1 2 3 |  3.1
Spellcasting   | 3 |  3.0
Fighting       | |  2.3
Polearms       | |  2.1
Armour         | |  1.2
Charms         | |  3.9

Action                   |  1- 3 |  4- 6 || total
-------------------------+-------+-------++-------
Melee: Spear             |   132 |    97 ||   229
 Cast: Infusion          |    19 |    15 ||    34
 Abil: Dig               |     3 |     3 ||     6
  Eat: Chunk             |     3 |     4 ||     7
Armor: Leather armour    |    15 |    13 ||    28
Dodge: Dodged            |    74 |    44 ||   118
